 Dungeon Crawl Stone Soup version 0.29.1-14-g9c671dbff4 (webtiles) character file.

Game seed: 15652445523553470645

18 KyoPewz the Sneak (level 2, 0/11 HPs)
             Began as a Felid Enchanter on Feb 18, 2023.
             Slain by a worm (11 damage)
             ... on level 2 of the Dungeon.
             The game lasted 00:03:12 (969 turns).

KyoPewz the Sneak (Felid Enchanter)                  Turns: 969, Time: 00:03:13

Health: 0/11       AC:  1    Str:  4    XL:     2   Next: 51%
Magic:  4/6        EV: 17    Int: 16    God:
Gold:   22         SH:  0    Dex: 16    Spells: 3/5 levels left
                                        Lives:  0   Deaths: 0

rFire   . . .      SeeInvis +     - Unarmed
rCold   . . .      Faith    .   (shield unavailable)
rNeg    . . .      Spirit   .   (body armour unavailable)
rPois   .          Reflect  .   (helmet unavailable)
rElec   .          Harm     .   (cloak unavailable)
rCorr   .          Rampage  .   (gloves unavailable)
Will    .....                   (boots unavailable)
Stlth   +++.......              (no amulet)
HPRegen 0.03/turn               (no ring)
MPRegen 0.10/turn               (no ring)

@: quick
A: very small, claws 1, fangs 3, see invisible, speed 1, shaggy fur 1, stealthy
paws, no weapons or thrown items, no armour, multi-lived
a: no special abilities


You were on level 2 of the Dungeon.
You visited 1 branch of the dungeon, and saw 2 of its levels.

You collected 22 gold pieces.

Inventory:

Scrolls
 c - a scroll of teleportation {unknown}
 d - a scroll of poison {unknown}
 e - 2 scrolls of identify {unknown}
Potions
 a - a potion of invisibility
 b - a potion of flight {unknown}
 f - a potion of heal wounds {unknown}
 g - a potion of ambrosia {unknown}


   Skills:
 - Level 2.6 Dodging
 + Level 4.5 Stealth
 * Level 2.2 Unarmed Combat
 - Level 2.0 Spellcasting
 - Level 4.4 Hexes
 + Level 0.0 Ice Magic


You had 3 spell levels left.
You knew the following spells:

 Your Spells              Type           Power      Damage    Failure   Level
a - Ensorcelled Hibernat  Hex/Ice        16%        N/A       13%         2

Your spell library contained the following spells:

 Spells                   Type           Power      Damage    Failure   Level
 Confusing Touch          Hex            15%        N/A       11%         3
 Tukima's Dance           Hex            15%        N/A       11%         3
 Dazzling Flash           Conj/Hex       16%        N/A       26%         3
 Passwall                 Tmut/Erth      0%         N/A       30%         2
 Swiftness                Air            1%         N/A       52%         3


Dungeon Overview and Level Annotations

Branches:
Dungeon (2/15)

Altars:


Innate Abilities, Weirdness & Mutations

You have sharp claws.
You have razor-sharp teeth.
You have supernaturally acute eyesight. (SInv)
You cover ground quickly. (Speed+)
You are covered in fur. (AC +1)
Your paws help you pounce on unaware monsters.
You are incapable of wielding weapons or throwing items.
You cannot wear armour.
You gain extra lives every three experience levels.


Message History

e - 2 scrolls labelled BYHERHIOCK (gained 1) Memorise Ensorcelled Hibernation, consuming 2 spell levels and leaving 3?
You start memorising the spell.
You continue memorising. x2
You finish memorising.
Spell assigned to 'a'.
Okay, then.
You start resting.
A worm comes into view.
You flicker for a moment.
You start resting.
You flicker back into view.
You start resting.
HP restored.
You scratch the worm.
The worm is lightly wounded.
The worm misses you.
Casting: Ensorcelled Hibernation (safe; 13% risk of failure)
Confirm with . or Enter, or press ? or * to list all spells.
Aiming: Ensorcelled Hibernation (safe; 13% risk of failure)
Press: ? - help, Shift-Dir - straight line, f - worm
Aim: a worm (chance to affect: 50%)
The worm looks drowsy...
You pounce on the unaware helpless worm!
You claw the worm! You bite the worm.
The worm is almost dead.
The worm closely misses you.
You barely miss the worm.
The worm is almost dead.
The worm completely misses you.
You scratch the worm.
The worm is almost dead.
You scratch the worm but do no damage.
The worm is almost dead.
The worm barely misses you.
You scratch the worm. Your bite misses the worm.
The worm is almost dead.
You scratch the worm but do no damage.
The worm is almost dead.
The worm bites you!
Ouch! That really hurt!
You die...

#.........######
#..............########
##.....................#
.......................#
.).....................#
...÷##...####....<.....#
....##......#...........
P.P.##......#...........
~..P.#......#...@.......
♣~...#.........w........
~~...#..................
~♣♣.....................
...................
........##.....
........# ###..
........# ..


You could see a worm.

Vanquished Creatures
  An adder (D:2)
  An endoplasm (D:1)
  A goblin (D:1)
  2 hobgoblins (D:1)
  A jackal (D:2)
  A ball python (D:1)
  A bat (D:2)
  A frilled lizard (D:1)
  A kobold (D:2)
10 creatures vanquished.

Vanquished Creatures (others)
  A plant (D:2)
1 creature vanquished.

Grand Total: 11 creatures vanquished

Notes
Turn   | Place    | Note
-------+----------+-------------------------------------------
     0 | D:1      | KyoPewz the Felid Enchanter began the quest for the Orb.
     0 | D:1      | Reached XP level 1. HP: 7/7 MP: 4/4
   498 | D:1      | Found a faded altar of an unknown god.
   516 | D:1      | You fall into a shaft and drop 1 floor!
   632 | D:2      | Reached XP level 2. HP: 2/11 MP: 6/6
   647 | D:2      | Learned a level 2 spell: Ensorcelled Hibernation
   969 | D:2      | Slain by a worm

Illustrated notes

Levels and vault maps discovered:
D:1:      elethiomel_arrival_maze, layout_basic,
          dilly_ecumenical_altar_fadedgnrine, fountainhead
D:2:      minmay_diamond_boxcup, layout_basic, serial_bayou_pond_a

Skill      XL: |  1 |
---------------+----+-----
Unarmed Combat | 2 |  2.2
Dodging        | |  2.6
Stealth        | |  4.5
Spellcasting   | |  2.0
Hexes          | |  4.4

Action                   || total
-------------------------++-------
Melee: Unarmed           ||    32
       Bite              ||     2
 Cast: Ensorcelled Hiber ||     1
  Use: Potion            ||     1
 Stab: Sleeping          ||     4
       Invisible         ||     2
Dodge: Dodged            ||    14
